 Dungeon Crawl Stone Soup version 0.31-a0-640-g39d97e502b (webtiles) character file.

Game seed: 18070596609001940645

109 qw the Shooter (level 4, 0/28 HPs)
             Began as a Gargoyle Hunter on Aug 27, 2023.
             Slain by a cerulean imp
             ... wielding a +2 spear
             ... summoned by Natasha
              (1 damage)
             ... on level 3 of the Dungeon.
             The game lasted 00:00:46 (2093 turns).

qw the Shooter (Gargoyle Hunter)                    Turns: 2093, Time: 00:00:46

Health: 0/28       AC:  7    Str: 20    XL:     4   Next: 90%
Magic:  4/4        EV: 11    Int: 10    God:
Gold:   199        SH:  0    Dex: 15    Spells: 3/3 levels left

rFire   . . .        Y - +0 shortbow
rCold   . . .        (shield currently unavailable)
rNeg    + . .        c - +0 leather armour
rPois   inf          g - +0 helmet
rElec   +            (no cloak)
rCorr   .            (no gloves)
SInv    .            (no boots)
Will    .....        (no amulet)
Stlth   ++           i - +6 ring of strength
HPRegen 0.24/turn    (no ring)
MPRegen 0.09/turn

%: no passive effects
@: about to teleport, slowed, very slow
A: sickness immunity, AC +3, negative energy resistance 1, electricity
resistance, torment resistance 1, petrification resistance
a: no special abilities


You were on level 3 of the Dungeon.
You visited 1 branch of the dungeon, and saw 3 of its levels.

You collected 199 gold pieces.


Innate Abilities, Weirdness & Mutations

You are immune to sickness and miasma.
Your stone body is resilient. (AC +3)
You are immune to poison.
You resist negative energy. (rN+)
You are resistant to electric shocks. (rElec)
You are resistant to unholy torment.
You are immune to petrification.


   Skills:
 - Level 3.5 Fighting
 + Level 5.4 Ranged Weapons
 - Level 1.5 Dodging
 - Level 1.1 Stealth


You had 3 spell levels left.
You didn't know any spells.
Your spell library was empty.

Inventory:

Hand Weapons
 Y - a +0 shortbow (weapon)
Armour
 c - a +0 leather armour (worn)
 g - a +0 helmet (worn)
 k - a +0 ring mail
Jewellery
 d - a ring of resist corrosion
 i - a +6 ring of strength (left hand)
Scrolls
 a - 2 scrolls of identify
 j - 2 scrolls of enchant weapon {unknown}
Potions
 e - 2 potions of berserk rage {unknown}
 f - a potion of mutation {unknown}
 h - a potion of might {unknown}

Dungeon Overview and Level Annotations

Branches:
Dungeon (3/15)

Altars:
Zin

Annotations:
D:2 1 runed translucent door, Crazy Yiuf
D:3 Natasha


Message History

Enter note:
Enter note:
2087 ||| Stepping ~*~*~tactically~*~*~ (retreating).
The white imp gestures at you. The puff of frost misses you.
You shoot an arrow. The arrow barely misses the white imp.
The white imp gestures at you. The puff of frost hits you.
The white imp hits you but does no damage.
The orc zombie hits you but does no damage.
Enter note:
Enter note:
Enter note:
Enter note:
2089 ||| Stepping ~*~*~tactically~*~*~ (retreating).
You see here a +0 whip.
You shoot an arrow.
The arrow hits the white imp but does no damage.
The white imp is severely wounded.
The white imp closely misses you.
The cerulean imp hits you but does no damage.
The white imp closely misses you.
The cerulean imp hits you from afar with a +2 spear.
You shoot an arrow. The arrow hits the white imp.
The white imp is almost dead.
The white imp closely misses you.
The cerulean imp hits you but does no damage.
The white imp hits you. The white imp freezes you.
The cerulean imp closely misses you.
2092 ||| READING scroll of teleportation.
As you read the scroll of teleportation, it crumbles to dust.
You feel strangely unstable. The white imp gestures at you.
The puff of frost hits you.
The cerulean imp hits you from afar with a +2 spear.
You shoot an arrow. The arrow hits the white imp!
You kill the white imp!
The cerulean imp closely misses you. Natasha claws you.
The cerulean imp hits you from afar with a +2 spear.
You die...

##.# #.#####.####...
##.# #.# #.# ... ##.##
#.# #.# .# #...###.#
#.# ..##...
.....##.#####.##
..#...Z
...............# ...+..
.....##.######.###.....
#...###.# #...#.5.#
#.... ..# ###@#..#
#...# ### #h#Z.#.#..
##### #Z5.......
#Z........ ##........
#########


You could see Natasha, a cerulean imp (summoned) and 2 orc zombies.

Vanquished Creatures
  Jessica (D:2)
  3 adders
  A white imp (D:3)
  A dart slug (D:3)
  4 endoplasms
  9 hobgoblins
  4 jackals (D:2)
  9 kobolds
  A quokka (D:2)
  6 ball pythons
  2 bats
  4 frilled lizards
  2 goblins (D:2)
  A goblin skeleton (D:3)
  A goblin zombie (D:3)
  2 hobgoblin zombies (D:3)
  A kobold zombie (D:3)
  7 rats
59 creatures vanquished.

Notes
Turn   | Place    | Note
-------+----------+-------------------------------------------
     0 | D:1      | qw the Gargoyle Hunter began the quest for the Orb.
     0 | D:1      | Reached XP level 1. HP: 12/12 MP: 1/1
     0 | D:1      | 0 ||| qw: Version: 0.3-a-74-g0d5e918
     0 | D:1      | 0 ||| qw: Game counter: 10
     0 | D:1      | 0 ||| qw: Melee chars always use a shield: true
     0 | D:1      | 0 ||| qw: God list: Okawaru
     0 | D:1      | 0 ||| qw: Allow faded altars: false
     0 | D:1      | 0 ||| qw: Do Orc after clearing Dungeon:15 true
     0 | D:1      | 0 ||| qw: Do second Lair branch before Depths: true
     0 | D:1      | 0 ||| qw: Lair rune preference: random
     0 | D:1      | 0 ||| qw: Goals: Normal
     0 | D:1      | 0 ||| PLANNING D:1-11
   117 | D:1      | Reached XP level 2. HP: 17/17 MP: 2/2
   680 | D:1      | 680 ||| UPGRADING to +0 helmet.
   685 | D:1      | 685 ||| DROPPING ring of magical power.
   686 | D:1      | 686 ||| READING scroll labelled HIVUIL ZUUPEJ.
   687 | D:1      | 687 ||| READING 2 scrolls labelled VISKYA WIGU.
   688 | D:1      | 688 ||| READING scroll labelled ZIENUDUOTO.
   689 | D:1      | 689 ||| READING scroll labelled CYALUKHEOTA.
   690 | D:1      | 690 ||| DROPPING scroll of butterflies.
   691 | D:1      | 691 ||| DROPPING scroll of immolation.
   768 | D:2      | Reached XP level 3. HP: 20/21 MP: 3/3
   799 | D:2      | Reached skill level 5 in Ranged Weapons
   866 | D:2      | Found a glowing silver altar of Zin.
   954 | D:2      | Found a runed translucent door.
   955 | D:2      | Noticed Crazy Yiuf
  1200 | D:2      | Noticed Jessica
  1217 | D:2      | Killed Jessica
  1218 | D:2      | Reached skill level 3 in Fighting
  1218 | D:2      | Reached XP level 4. HP: 10/28 MP: 4/4
  1573 | D:2      | 1573 ||| UPGRADING to +6 ring of strength.
  1574 | D:2      | 1574 ||| READING 2 scrolls labelled RAUNUIR MOIL.
  1643 | D:2      | 1643 ||| READING scroll labelled JADWOL KASIFOTT.
  2078 | D:3      | Noticed Natasha
  2087 | D:3      | 2087 ||| Stepping ~*~*~tactically~*~*~ (retreating).
  2089 | D:3      | 2089 ||| Stepping ~*~*~tactically~*~*~ (retreating).
  2091 | D:3      | HP: 5/28 [white imp (4)]
  2092 | D:3      | 2092 ||| READING scroll of teleportation.
  2092 | D:3      | HP: 2/28 [cerulean imp/+2 spear[Natasha] (1)]
  2093 | D:3      | Slain by a cerulean imp

Levels and vault maps discovered:
D:1:      nagdon_arrival_zigzag_paths, layout_basic, serial_park_tiny_pond,
          minivault_25
D:2:      layout_loops_ring, basic_altar, uniq_crazy_yiuf_cottage, uniq_jessica
D:3:      layout_loops_ring, nicolae_tso_besieged_by_evil,
          minmay_fractal_squares_gapless_5, uniq_natasha

Skill      XL: |  1  2  3 |
---------------+----------+-----
Ranged Weapons | 5 |  5.4
Fighting       | 3 |  3.5
Dodging        | |  1.5
Stealth        | |  1.1

Action                     |  1- 3 |  4- 6 || total
---------------------------+-------+-------++-------
   Fire: Shortbow          |   105 |    72 ||   177
    Use: Scroll            |     4 |     3 ||     7
 Armour: Leather armour    |    12 |    16 ||    28
  Dodge: Dodged            |    30 |    17 ||    47

Table legend:
 A = Non-vault XP
 B = Vault XP
 C = Vault XP percentage of total XP
 D = Non-vault monster count
 E = Vault monster count
 F = Vault count percentage of total count
                 A         B        C        D         E       F
            +---------+---------+-------+---------+---------+-------
      Total |     115 |      52 |  31.1 |      52 |       7 |  11.9
            +---------+---------+-------+---------+---------+-------
        D:1 |      23 |       0 |   0.0 |      15 |       0 |   0.0
        D:2 |      49 |      37 |  43.0 |      25 |       1 |   3.8
        D:3 |      43 |      15 |  25.9 |      12 |       6 |  33.3
            +---------+---------+-------+---------+---------+-------
